 Dungeon Crawl Stone Soup version 0.22.1-6-g1668fe2 (webtiles) character file.

249 Mrkaede the Skirmisher (level 6, -3/39 HPs)
             Began as a Gargoyle Monk on Jan 17, 2019.
             Slain by a black bear (4 damage)
             ... on level 2 of the Dungeon.
             The game lasted 00:06:23 (2366 turns).

Mrkaede the Skirmisher (Gargoyle Monk)              Turns: 2366, Time: 00:06:25

Health: -3/39      AC: 15    Str: 21    XL:     6   Next: 12%
Magic:  6/6        EV: 11    Int: 11    God:
Gold:   118        SH:  0    Dex: 12    Spells: 5/5 levels left

rFire    . . .     SeeInvis .   a - +0 mace
rCold    . . .     Gourm    .   (no shield)
rNeg     + . .     Faith    .   t - +0 scale mail
rPois    ∞         Spirit   .   (no helmet)
rElec    +         Reflect  .   (no cloak)
rCorr    .         Harm     .   (no gloves)
MR       .....                  (no boots)
Stlth    +.........             (no amulet)
HPRegen  0.13/turn              o - +4 ring of protection
MPRegen  0.10/turn              s - +5 ring of strength

@: no status effects
A: negative energy resistance 1, electricity resistance, unbreathing,
petrification resistance, rot immunity, AC +4
a: no special abilities


You were on level 2 of the Dungeon.
You were hungry.

You visited 1 branch of the dungeon, and saw 3 of its levels.

You collected 118 gold pieces.

Inventory:

Hand Weapons
 a - a +0 mace (weapon)
Missiles
 w - 6 javelins (quivered)
Armour
 b - a +0 robe
 d - a +0 ring mail
 t - a +0 scale mail (worn)
Jewellery
 i - an uncursed ring of magical power
 o - a +4 ring of protection (left hand)
 s - a +5 ring of strength (right hand)
Scrolls
 e - a scroll of fear {unknown}
 g - 3 scrolls of random uselessness {unknown}
 h - 4 scrolls of immolation {unknown}
 j - 3 scrolls of identify {unknown}
 m - a scroll of enchant weapon {unknown}
 n - a scroll of remove curse {unknown}
 u - a scroll of enchant armour {unknown}
Potions
 f - 2 potions of might {unknown}
 k - a potion of degeneration
 l - a potion of ambrosia {unknown}
 p - a potion of berserk rage {unknown}
 q - 2 potions of lignification {unknown}
 r - 2 potions of curing
Comestibles
 c - 8 rations


   Skills:
 * Level 4.5 Fighting
 * Level 4.2 Maces & Flails
 + Level 1.2 Throwing
 * Level 2.3 Armour
 * Level 3.3 Dodging
 - Level 2.3 Stealth


You had 5 spell levels left.
You didn't know any spells.
Your spell library was empty.

Dungeon Overview and Level Annotations

Branches:
Dungeon (3/15)

Altars:
Yredelemnul


Innate Abilities, Weirdness & Mutations

You are resistant to torment.
Your stone body is resilient. (AC +4)
You are immune to poison.
You resist negative energy. (rN+)
You are resistant to electric shocks. (rElec)
You can survive without breathing.
You are immune to petrification.
You are immune to rotting.


Message History

The black bear is almost dead.
The black bear closely misses you.
The black bear claws you but does no damage.
The black bear barely misses you. x2; The black bear closely misses you.
The black bear claws you.
* * * LOW HITPOINT WARNING * * *
The goblin hits you with a club.
* * * LOW HITPOINT WARNING * * *
It was a potion of curing.
You feel better. The black bear bites you.
* * * LOW HITPOINT WARNING * * *
The black bear completely misses you.
The black bear claws you but does no damage.
The goblin barely misses you.
You hit the black bear.
The black bear is almost dead.
The black bear bites you!
* * * LOW HITPOINT WARNING * * *
The black bear claws you but does no damage.
The black bear claws you.
You die...

#.#.###..#######.#.#####
#.#..##..# #.#.#.... #.##.##..#
#.#.#.### #.##..#..# #.#.#....
#.###)#..# #.#.#.#.. #.# #....#
#.#...... #.# ##...# #..(.....
#.# #g..##############. #.#
#.@................ #####
#.####.h.##############.
....######...##.........# #####.
.........'...##.........# #.....
.......###...##..#......####.####
.......# #...##..#...............
.......# #...##..#......####.###.
.......# ######..+......#......#.
....#### #####.##......#.##.#.#.


You could see a black bear (berserk) and a goblin.

Vanquished Creatures
  Sigmund (D:2)
  Ijyb (D:3)
  Jessica (D:2)
  2 adders
  A dart slug (D:1)
  An orc (D:3)
  4 bats
  A giant cockroach (D:3)
  3 hobgoblins (D:2)
  2 jackals (D:1)
  A quokka (D:2)
  A ball python (D:1)
  3 frilled lizards
  4 kobolds
  6 rats
32 creatures vanquished.

Notes
Turn   | Place    | Note
-------+----------+-------------------------------------------
     0 | D:1      | Mrkaede the Gargoyle Monk began the quest for the Orb.
     0 | D:1      | Reached XP level 1. HP: 14/14 MP: 1/1
   184 | D:1      | Reached XP level 2. HP: 15/19 MP: 2/2
  1217 | D:2      | Reached XP level 3. HP: 22/23 MP: 3/3
  1261 | D:2      | Noticed Sigmund
  1307 | D:2      | Killed Sigmund
  1307 | D:2      | Reached skill level 1 in Throwing
  1307 | D:2      | Reached XP level 4. HP: 18/29 MP: 4/4
  1307 | D:2      | Reached XP level 5. HP: 20/33 MP: 5/5
  2166 | D:2      | Noticed Jessica
  2171 | D:2      | Killed Jessica
  2272 | D:3      | Noticed Ijyb
  2273 | D:3      | Found a basalt altar of Yredelemnul.
  2308 | D:3      | Noticed a black bear
  2352 | D:3      | Killed Ijyb
  2352 | D:3      | Reached XP level 6. HP: 31/39 MP: 6/6
  2366 | D:2      | HP: 1/39 [black bear (10)]
  2366 | D:2      | Slain by a black bear

Skill      XL: |  1  2  3 |
---------------+----------+-----
Fighting       | 4 |  4.5
Maces & Flails | 4 |  4.2
Throwing       | 1 |  1.2
Armour         | 2 |  2.3
Dodging        | 3 |  3.3
Stealth        | |  2.3

Action                   |  1- 3 |  4- 6 || total
-------------------------+-------+-------++-------
Melee: Mace              |    67 |    59 ||   126
       Unarmed           |       |     4 ||     4
  Use: Potion            |     3 |     1 ||     4
 Stab: Sleeping          |     1 |       ||     1
       Distracted        |     1 |       ||     1
  Eat: Chunk             |     1 |     3 ||     4
Armor: Ring mail         |    33 |       ||    33
       Scale mail        |       |    91 ||    91
       Skin              |       |     7 ||     7
Dodge: Dodged            |    35 |   109 ||   144
